 Seeded DCSS version 0.30-a0-389-g8d7d949f56 (webtiles) character file.

Game seed: 9890747901145388189 (custom seed)

116 flotson the Sneak (level 4, -6/36 HPs)
             Began as a Demonspawn Delver on Dec 3, 2022.
             Killed by nerve-wracking pain
             ... invoked by a shadow imp
              (14 damage)
             ... on level 4 of the Dungeon.
             The game lasted 00:01:38 (647 turns).

flotson the Sneak (Demonspawn Delver)                Turns: 647, Time: 00:01:38

Health: -6/36      AC:  5    Str: 14    XL:     4   Next: 69%
Magic:  4/4        EV: 11    Int: 11    God:
Gold:   21         SH:  0    Dex: 15    Spells: 3/3 levels left

rFire   . . .      SeeInvis .    a - +0 spear
rCold   . . .      Faith    .    (no shield)
rNeg    . . .      Spirit   .    j - +0 ring mail
rPois   .          Reflect  .    (no helmet)
rElec   .          Harm     .    (no cloak)
rCorr   .          Rampage  .    (no gloves)
Will    .....                    (no boots)
Stlth   ++........               (no amulet)
HPRegen 0.26/turn                (no ring)
MPRegen 0.18/turn                (no ring)

@: no status effects
A: foul stench 1, magic regeneration
a: no special abilities


You were on level 4 of the Dungeon.
You visited 1 branch of the dungeon, and saw 2 of its levels.

You collected 21 gold pieces.

Inventory:

Hand Weapons
 a - a +0 spear (weapon)
Missiles
 l - 2 poisoned darts (quivered)
Armour
 j - a +0 ring mail (worn)
Wands
 g - a wand of digging (3)
Scrolls
 b - a scroll of identify {unknown}
 c - a scroll of fog
 d - a scroll of magic mapping
 e - a scroll of fear
 k - a scroll of enchant weapon {unknown}
Potions
 f - a potion of haste
 h - 2 potions of flight {unknown}
 i - a potion of curing {unknown}


   Skills:
 + Level 3.6 Fighting
 - Level 1.7 Polearms
 + Level 0.0 Throwing
 + Level 1.5 Armour
 + Level 2.5 Dodging
 - Level 5.0 Stealth
 + Level 1.7 Evocations


You had 3 spell levels left.
You didn't know any spells.
Your spell library was empty.

Dungeon Overview and Level Annotations

Branches:
Dungeon (5/15)
 Temple: D:4-7

Altars:

Annotations:
D:4 1 runed translucent door


Innate Abilities, Weirdness & Mutations

You may rarely emit foul miasma when damaged in melee.
You regenerate magic rapidly.


Message History

Pain shoots through your body!
The shadow imp hits you but does no damage.
The shadow imp closely misses you. The shadow imp gestures at you.
Pain shoots through your body!
You reach to attack!
You hit the shadow imp.
The shadow imp is lightly wounded.
You hit the shadow imp but do no damage.
The shadow imp is lightly wounded.
The shadow imp hits you but does no damage.
You closely miss the shadow imp.
The shadow imp is lightly wounded.
The shadow imp gestures at you. Pain shoots through your body!
The endoplasm quivers.
You hit the shadow imp.
The shadow imp is moderately wounded.
The shadow imp closely misses you.
You barely miss the shadow imp.
The shadow imp is moderately wounded.
The shadow imp hits you but does no damage.
You barely miss the shadow imp.
The shadow imp is moderately wounded.
The shadow imp hits you.
You barely miss the shadow imp.
The shadow imp is moderately wounded.
The shadow imp shouts, "Get thee gone, thou mammering rude-growing scavenger!"
The shadow imp closely misses you.
You hit the shadow imp.
The shadow imp is heavily wounded.
The shadow imp hits you.
You hit the shadow imp but do no damage.
The shadow imp is heavily wounded.
The shadow imp hits you.
* * * LOW HITPOINT WARNING * * *
You hit the shadow imp but do no damage.
The shadow imp is heavily wounded.
The shadow imp gestures at you. Pain shoots through your body!
You die...

## ###.
###...
.....##
#...# #.@#
##5## #JJ#
#..#####...
##....J....
##......###
#..######
...
...####..#
#J..
#........##
#..#


You could see a shadow imp and 2 endoplasms.

Vanquished Creatures
  An ogre (D:5)
  2 adders
  An orc (D:4)
  2 ball pythons (D:4)
  An endoplasm (D:4)
  A giant cockroach (D:4)
  A goblin (D:4)
  3 kobolds (D:4)
12 creatures vanquished.

Notes
Turn   | Place    | Note
-------+----------+-------------------------------------------
     0 | D:5      | flotson the Demonspawn Delver began the quest for the Orb.
     0 | D:5      | Reached XP level 1. HP: 18/18 MP: 1/1
    67 | D:5      | Noticed an ogre
    97 | D:5      | Gained mutation: You may rarely emit foul miasma when
                  | damaged in melee. [demonic ancestry]
    97 | D:5      | Reached XP level 2. HP: 19/24 MP: 2/2
   124 | D:5      | Killed an ogre
   125 | D:5      | Reached skill level 1 in Armour
   125 | D:5      | Reached skill level 1 in Evocations
   125 | D:5      | Reached XP level 3. HP: 11/29 MP: 3/3
   125 | D:5      | Gained mutation: You regenerate magic rapidly. [demonic
                  | ancestry]
   125 | D:5      | Reached XP level 4. HP: 14/35 MP: 4/4
   355 | D:4      | Reached skill level 5 in Stealth
   621 | D:4      | Found a runed translucent gate.
   647 | D:4      | Killed from afar by a shadow imp

Illustrated notes

Levels and vault maps discovered:
D:4:      layout_layer_cave, zin_treasury, gammafunk_ghost_icy,
          nicolae_elevator_lobby_plus, uniq_sigmund
D:5:      layout_loops_corners, mainiacjoe_overflow_large_starburst,
          minmay_temple_entry_butterflies, grunt_ministairs_2,
          minmay_misc_feat_secret_circle, minmay_hollow_rounded_squares

Skill      XL: |  1  2  3  4 |
---------------+-------------+-----
Armour         | 1 |  1.5
Dodging        | 2 |  2.5
Evocations     | 1 |  1.7
Stealth        | 5 |  5.0
Fighting       | |  3.6
Polearms       | |  1.7

Action                   |  1- 3 |  4- 6 || total
-------------------------+-------+-------++-------
Melee: Spear             |    14 |    60 ||    74
 Stab: Sleeping          |       |     1 ||     1
Armor: Leather armour    |       |     8 ||     8
       Ring mail         |       |     3 ||     3
Dodge: Dodged            |     5 |    34 ||    39

Table legend: (Time is in decaauts)
 A = Elapsed time spent in this place.
 B = Non-inter-level travel time spent in this place.
 C = Inter-level travel time spent in this place.
 D = Time resting spent in this place.
 E = Time spent auto-exploring this place.
 F = Levels seen in this place.
 G = Mean time per level.
                   A        B        C        D        E       F      G
               +--------+--------+--------+--------+--------+-----+--------+
         Total |    647 |    635 |     12 |     60 |    383 |   2 |  323.5 |
       Dungeon |    647 |    635 |     12 |     60 |    383 |   2 |  323.5 |
               +--------+--------+--------+--------+--------+-----+--------+

Top non-repeatable levels by time:
     D:4: 400 daAuts
     D:5: 247 daAuts
